 Dungeon Crawl Stone Soup version 0.19.1 (webtiles) character file.

128 MirrMurr the Cudgeler (level 5, -2/33 HPs)
             Began as a Gargoyle Berserker on Dec 9, 2016.
             Was a Believer of Trog.
             Slain by Grinder (8 damage)
             ... on level 3 of the Dungeon.
             The game lasted 00:03:59 (1733 turns).

MirrMurr the Cudgeler (Gargoyle Berserker)          Turns: 1733, Time: 00:03:59

Health: -2/33      AC:  6    Str: 21    XL:     5   Next: 12%
Magic:  5/5        EV: 12    Int:  7    God:    Trog [**....]
Gold:   161        SH:  0    Dex: 10    Spells: 0 memorised, 4 levels left

rFire  . . .     SeeInvis .     a - +0 mace
rCold  . . .     Gourm    .     b - +0 animal skin
rNeg   + . .     Faith    .     (no shield)
rPois  ∞         Spirit   .     (no helmet)
rElec  +         Reflect  .     (no cloak)
rCorr  +         Harm     .     (no gloves)
MR     .....                    (no boots)
Stlth  +.........               (no amulet)
                                (no ring)
                                g - ring of resist corrosion

@: no status effects
A: negative energy resistance 1, electricity resistance, unbreathing,
petrification resistance, rot immunity, AC +4
a: Berserk, Trog's Hand, Burn Spellbooks, Renounce Religion


You were on level 3 of the Dungeon.
You worshipped Trog.
Trog was pleased with you.
You were very hungry.

You visited 1 branch of the dungeon, and saw 3 of its levels.

You collected 161 gold pieces.

Inventory:

Hand Weapons
 a - a +0 mace (weapon)
Missiles
 d - 41 stones (quivered)
Armour
 b - a +0 animal skin (worn)
Jewellery
 g - a ring of resist corrosion (left hand)
Wands
 l - a wand of acid (6/15)
Scrolls
 i - a scroll of remove curse {unknown}
 m - a scroll of teleportation
 q - a scroll of fear {unknown}
Potions
 e - 2 potions of agility
 f - a potion of invisibility
 k - 2 potions of might
 n - a potion of brilliance {unknown}
 o - a potion of ambrosia {unknown}
 p - a potion of resistance {unknown}
Comestibles
 c - 3 bread rations
 h - a slice of pizza


   Skills:
 + Level 3.9 Fighting
 + Level 4.4 Maces & Flails
 + Level 2.5 Armour
 + Level 2.6 Dodging


You had 4 spell levels left.
You didn't know any spells.

Dungeon Overview and Level Annotations

Branches:
Dungeon (3/15)

Altars:
Xom

Annotations:
D:3 Grinder


Innate Abilities, Weirdness & Mutations

You are resistant to torment.
Your stone body is resilient. (AC +4)
You are immune to poison.
You resist negative energy. (rN+)
You are resistant to electric shocks. (rElec)
You can survive without breathing.
You are immune to petrification.
You are immune to rotting.


Message History

You resist with significant effort.
You closely miss Grinder.
Grinder is severely wounded.
The bat barely misses you. Grinder barely misses you.
You hit Grinder.
Grinder is severely wounded.
The bat hits you but does no damage. Grinder completely misses you.
You completely miss Grinder.
Grinder is severely wounded.
The bat barely misses you. Grinder hits you.
* * * LOW HITPOINT WARNING * * *
You writhe in agony.
* * * LOW HITPOINT WARNING * * *
You closely miss Grinder.
Grinder is severely wounded.
The bat closely misses you. Grinder hits you but does no damage.
You barely miss Grinder.
Grinder is severely wounded.
Grinder hits you!
You die...

#...# #$..# #...#
#...+ #.?.#### #...#..
#.5.#.# ####.@.#.####
.........)....#
..#....b##.##.### .###
#....$##.# ... ...
#...).##.# #.###.###
#.....##.###.......#
#.....##.#.......#.#
#.....##...#.....#.#.#
######.........


You could see Grinder and a bat.

Vanquished Creatures
  Ijyb (D:2)
  Natasha (D:3)
  Terence (D:2)
  An adder (D:2)
  An ooze (D:2)
  3 leopard geckos
  2 goblins
  7 hobgoblins
  3 jackals (D:1)
  A quokka (D:2)
  7 bats
  4 frilled lizards
  5 kobolds
  2 rats (D:1)
39 creatures vanquished.

Notes
Turn   | Place    | Note
-------+----------+-------------------------------------------
     0 | D:1      | MirrMurr the Gargoyle Berserker began the quest for the Orb.
     0 | D:1      | Reached XP level 1. HP: 14/14 MP: 1/1
     0 | D:1      | Noticed a minotaur skeleton
     2 | D:1      | Noticed a spriggan
     5 | D:1      | Noticed a spriggan
     6 | D:1      | Noticed an ogre
     9 | D:1      | Noticed a minotaur zombie
    15 | D:1      | Noticed a felid
    15 | D:1      | Noticed a human
    17 | D:1      | Noticed a merfolk zombie
    19 | D:1      | Noticed a naga
   166 | D:1      | Reached XP level 2. HP: 17/19 MP: 2/2
   827 | D:2      | Reached XP level 3. HP: 18/23 MP: 3/3
   830 | D:2      | Reached ** piety under Trog
   912 | D:2      | Found a shimmering altar of Xom.
  1061 | D:2      | Noticed Ijyb
  1070 | D:2      | HP: 1/24 [Ijyb (2)]
  1076 | D:2      | Killed Ijyb
  1076 | D:2      | Reached skill level 4 in Maces & Flails
  1076 | D:2      | Reached XP level 4. HP: 4/29 MP: 4/4
  1395 | D:2      | Noticed Terence
  1411 | D:2      | Killed Terence
  1614 | D:3      | Noticed Natasha
  1622 | D:3      | Killed Natasha
  1622 | D:3      | Reached XP level 5. HP: 33/33 MP: 5/5
  1704 | D:3      | Noticed Grinder
  1714 | D:3      | Paralysed by Grinder for 6 turns
  1733 | D:3      | Slain by Grinder

Skill      XL: |  1  2  3 |
---------------+----------+-----
Maces & Flails | 4 |  4.4
Dodging        | 2 |  2.6
Fighting       | |  3.9
Armour         | |  2.5

Action                   |  1- 3 |  4- 6 || total
-------------------------+-------+-------++-------
Melee: Mace              |   145 |    36 ||   181
Invok: Berserk           |     2 |     2 ||     4
  Use: Scroll            |     7 |     1 ||     8
       Potion            |       |     1 ||     1
  Eat: Chunk             |     2 |     3 ||     5
Armor: Animal skin       |    63 |    30 ||    93
Dodge: Dodged            |   121 |    30 ||   151
